 Dungeon Crawl Stone Soup version 0.20.0-15-g7f486f2 (webtiles) character file.

271 vishdafish the Digger (level 6, -1/34 HPs)
             Began as a Gargoyle Earth Elementalist on June 22, 2017.
             Slain by Exporg's ghost (7 damage)
             ... on level 4 of the Dungeon.
             The game lasted 00:18:28 (3144 turns).

vishdafish the Digger (Gargoyle Earth Elementalist) Turns: 3144, Time: 00:18:29

Health: -1/34      AC:  8    Str: 16    XL:     6   Next: 23%
Magic:  9/10       EV: 12    Int: 18    God:
Gold:   151        SH:  0    Dex: 10    Spells: 5/11 levels left

rFire    . . .     SeeInvis +   g - +2 whip (elec)
rCold    . . .     Gourm    .   (no shield)
rNeg     + . .     Faith    .   c - +0 robe
rPois    ∞         Spirit   .   B - +1 helmet {SInv}
rElec    +         Reflect  .   (no cloak)
rCorr    .         Harm     .   (no gloves)
MR       .....                  (no boots)
Stlth    ++........             (no amulet)
Regen    0.2/turn               u - ring of wizardry
MPRegen  0.2/turn               (no ring)

@: mighty, flying
A: negative energy resistance 1, electricity resistance, unbreathing,
petrification resistance, rot immunity, AC +4
a: no special abilities


You were on level 4 of the Dungeon.
You were not hungry.

You visited 1 branch of the dungeon, and saw 4 of its levels.

You collected 151 gold pieces.

Inventory:

Hand Weapons
 g - a +2 whip of electrocution (weapon)
 n - a +0 hunting sling
Missiles
 b - 195 stones (quivered)
 j - 52 arrows
 m - 5 sling bullets
Armour
 c - a +0 robe (worn)
 p - a +0 helmet
 B - a +1 helmet of see invisible (worn)
Jewellery
 u - a ring of wizardry (left hand)
Wands
 r - a wand of confusion (18/48)
 x - a wand of confusion (38/48)
 y - a wand of disintegration (10/24)
Scrolls
 a - 2 scrolls of remove curse {unknown}
 h - 3 scrolls of identify {unknown}
 i - 3 scrolls of teleportation {unknown}
 l - a scroll of enchant weapon {unknown}
 o - a scroll of fear {unknown}
 s - a scroll of magic mapping {unknown}
 z - 2 scrolls of random uselessness {unknown}
 C - a scroll of immolation {unknown}
Potions
 q - a potion of curing {unknown}
 t - a potion of flight
 v - 2 potions of heal wounds {unknown}
 A - a potion of might
Books
 e - a book of Geomancy

   Spells                             Type                      Level
   a - Sandblast                      Earth                        1
   b - Passwall                       Transmutation/Earth          2
   c - Stone Arrow                    Conjuration/Earth            3
   d - Petrify                        Transmutation/Earth          4
   e - Lee's Rapid Deconstruction     Earth                        5
Comestibles
 d - 3 bread rations
 f - a royal jelly
 k - a fruit
 w - 2 meat rations


   Skills:
 + Level 1.4 Fighting
 + Level 1.4 Maces & Flails
 - Level 0.1 Slings
 + Level 2.0 Dodging
 - Level 2.3 Stealth
 + Level 3.2 Spellcasting
   Level 0.7 Transmutations
 * Level 6.4 Earth Magic


You had 5 spell levels left.
You knew the following spells:

 Your Spells              Type           Power        Failure   Level  Hunger
a - Sandblast             Erth           ####..       1%          1    None
b - Lee's Rapid Deconstr  Erth           ####......   13%         5    ######.


Dungeon Overview and Level Annotations

Branches:
Dungeon (4/15)
 Temple: D:4-7

Altars:
Zin

Annotations:
D:4 Exporg's ghost, amateur MiFi


Innate Abilities, Weirdness & Mutations

You are resistant to torment.
Your stone body is resilient. (AC +4)
You are immune to poison.
You resist negative energy. (rN+)
You are resistant to electric shocks. (rElec)
You can survive without breathing.
You are immune to petrification.
You are immune to rotting.


Message History

Exporg's ghost misses you.
You closely miss Exporg's ghost.
Exporg's ghost is severely damaged.
Exporg's ghost hits you.
* * * LOW HITPOINT WARNING * * *
You barely miss Exporg's ghost.
Exporg's ghost is severely damaged.
Exporg's ghost closely misses you.
You barely miss Exporg's ghost.
Exporg's ghost is severely damaged.
Exporg's ghost hits you.
* * * LOW HITPOINT WARNING * * *
You hit Exporg's ghost.
Exporg's ghost is severely damaged.
Exporg's ghost barely misses you. Exporg's ghost hits you.
* * * LOW HITPOINT WARNING * * *
It was a potion of might.
You feel very mighty all of a sudden. Exporg's ghost hits you!
You die...

#.#####
#.#..#####.####......
###...###.#..#
#.#######...
######..........#
#..)........
#_..8#...###.#..#
#.#######.#.
#....#..## #.#..# #.#
#.#. #....'.## #.#..#
#.# #.#. ###..###
#.#..#####.## #.#.
#A#.8#
#.#.........######.#.
######
#.#.@#....#........#.
#.#.W#......######†..
....#####.## #.##
......# #.# #.#
##..#..# #.# #.#
#.....# #.# #.# ..
.(.. #.. #.# ##..(...
... #.# #.. ..#


You could see Exporg's ghost.

Vanquished Creatures
  The ghost of Mesmaeker13 the Shield-Bearer, an amateur HuFi (D:3)
  2 orc wizards (D:3)
  A worker ant (D:4)
  2 adders (D:2)
  An ooze (D:1)
  2 worms
  3 dart slugs
  2 leopard geckos (D:3)
  9 orcs
  6 bats
  4 giant cockroaches
  4 goblins
  8 hobgoblins
  A quokka (D:4)
  A ball python (D:3)
  8 frilled lizards
  8 kobolds
  3 rats
66 creatures vanquished.

Notes
Turn   | Place    | Note
-------+----------+-------------------------------------------
     0 | D:1      | vishdafish the Gargoyle Earth Elementalist began the quest for the Orb.
     0 | D:1      | Reached XP level 1. HP: 10/10 MP: 3/3
    37 | D:1      | You fall through a shaft!
   281 | D:1      | Reached skill level 4 in Earth Magic
   281 | D:1      | Reached XP level 2. HP: 15/15 MP: 1/5
   593 | D:1      | Reached XP level 3. HP: 19/19 MP: 6/6
   862 | D:2      | Reached skill level 1 in Maces & Flails
  1151 | D:2      | Reached XP level 4. HP: 24/24 MP: 5/7
  1309 | D:2      | HP: 1/24 [orc/flail (4)]
  1657 | D:3      | Reached skill level 1 in Fighting
  1657 | D:3      | Reached skill level 5 in Earth Magic
  1666 | D:3      | Reached XP level 5. HP: 21/29 MP: 3/8
  2065 | D:3      | Noticed Mesmaeker13's ghost (amateur HuFi)
  2279 | D:2      | Learned a level 5 spell: Lee's Rapid Deconstruction
  2293 | D:3      | Killed Mesmaeker13's ghost
  2293 | D:3      | Reached skill level 6 in Earth Magic
  2293 | D:3      | Reached XP level 6. HP: 25/34 MP: 10/10
  2976 | D:4      | Noticed an angel
  2977 | D:4      | Found a glowing silver altar of Zin.
  3125 | D:4      | Noticed Exporg's ghost (amateur MiFi)
  3144 | D:4      | Slain by Exporg's ghost

Skill      XL: |  1  2  3  4  5 |
---------------+----------------+-----
Earth Magic    | 4 5 6 |  6.4
Maces & Flails | 1 |  1.4
Fighting       | 1 |  1.4
Dodging        | 2 |  2.0
Spellcasting   | 3 |  3.2
Slings         | |  0.1
Stealth        | |  2.3
Transmutations | |  0.7

Action                   |  1- 3 |  4- 6 || total
-------------------------+-------+-------++-------
Melee: Whip              |     5 |    21 ||    26
 Fire: Hunting sling     |    47 |    65 ||   112
 Cast: Sandblast         |    19 |    50 ||    69
       Lee's Rapid Decon |       |     3 ||     3
  Use: Potion            |       |     4 ||     4
  Eat: Meat ration       |     1 |       ||     1
       Bread ration      |       |     1 ||     1
Armor: Robe              |     7 |    17 ||    24
Dodge: Dodged            |    13 |    28 ||    41
